ESL (28 & UNDER)
PENQUANNOCK OVERRATED JETER @ NEWARK BULLDOGS
04/14/2030
 
TOP OF THE 1ST
Penquannock Overrated Jeter batting - Pitching for Newark Bulldogs : RHP Carl Rojas
Pitching: RHP Carl Rojas
Batting: RHB Phil Wright 0-0: Ball
1-0: Fly out, F8 (Line Drive, 8LD)
Batting: LHB Francisco Medina 0-0: Ball
1-0: Ball
2-0: Fly out, F8 (Flyball, 8LS)
Batting: LHB José Morales 0-0: Ball
1-0: Ball
2-0: Called Strike
2-1: DOUBLE (Line Drive, 89D)
Batting: LHB Eric Powell 0-0: Swinging Strike
0-1: Fly out, F3 (Line Drive, 34)
Top of the 1st over - 0 runs, 1 hit, 0 errors, 1 left on base; Penquannock 0 - Newark 0
BOTTOM OF THE 1ST
Newark Bulldogs batting - Pitching for Penquannock Overrated Jeter : LHP Brian Gunther
Pitching: LHP Brian Gunther
Batting: RHB José Casillán 0-0: Ball
1-0: Ball
2-0: Foul Ball, location: 2F
2-1: Called Strike
2-2: Ball
3-2: Foul Ball, location: 2F
3-2: Base on Balls
Batting: RHB Ben Kearley 0-0: Foul Ball, location: 2F
0-1: Ball
1-1: Ball
2-1: Swinging Strike
2-2: Strikes out swinging
Batting: RHB Francisco Domínguez 0-0: Ball
1-0: Foul Ball, location: 2F
Pickoff Throw to First - Error! E1
José Casillán to second
1-1: Ball
2-1: Fly out, F5 (Line Drive, 5L)
Batting: RHB Álex Hernández 0-0: Ground out 4-3 (Groundball, 4)
Bottom of the 1st over - 0 runs, 0 hits, 1 error, 1 left on base; Penquannock 0 - Newark 0
TOP OF THE 2ND
Penquannock Overrated Jeter batting - Pitching for Newark Bulldogs : RHP Carl Rojas
Batting: LHB Pete Weber 0-0: Ball
1-0: DOUBLE (Line Drive, 78XD)
Batting: LHB Matt Reese 0-0: Fly out, F9 (Flyball, 9LSF)
Batting: RHB Kelsey Scott 0-0: Ball
1-0: Foul Ball, location: 2F
1-1: Swinging Strike
1-2: Strikes out swinging
Batting: RHB Theodore Burns 0-0: Called Strike
0-1: Called Strike
0-2: Foul Ball, location: 2F
0-2: Strikes out swinging
Top of the 2nd over - 0 runs, 1 hit, 0 errors, 1 left on base; Penquannock 0 - Newark 0
BOTTOM OF THE 2ND
Newark Bulldogs batting - Pitching for Penquannock Overrated Jeter : LHP Brian Gunther
Batting: LHB Will O'Dell 0-0: Fly out, F9 (Flyball, 9)
Batting: RHB Toshiki Kokawa 0-0: Ball
1-0: Foul Ball, location: 2F
1-1: Ball
2-1: Ball
3-1: Base on Balls
Batting: RHB Noah Sturges 0-0: Ball
1-0: SINGLE (Groundball, 34D)
Toshiki Kokawa to second
Runner from 2nd tries for 3rd, SAFE, no throw
Batting: SHB Juan Rodríguez 0-0: Ball
1-0: Swinging Strike
1-1: Ball
2-1: Swinging Strike
2-2: Ball
3-2: Foul Ball, location: 2F
3-2: Foul Ball, location: 2F
3-2: Foul Ball, location: 2F
3-2: Fly out, F7 (Line Drive, 7)
Runner from 3rd tags up, OUT at HOME
Bottom of the 2nd over - 0 runs, 1 hit, 0 errors, 1 left on base; Penquannock 0 - Newark 0
TOP OF THE 3RD
Penquannock Overrated Jeter batting - Pitching for Newark Bulldogs : RHP Carl Rojas
Batting: RHB Guillermo Gracía 0-0: Called Strike
0-1: Ball
1-1: Called Strike
1-2: SINGLE (Groundball, 5D)
Batting: RHB Phil Wright 0-0: SINGLE (Groundball, 6MD)
Guillermo Gracía to second
Runner from 2nd tries for 3rd, SAFE, no throw
Batting: LHB Francisco Medina 0-0: Ball
1-0: Ball
2-0: Grounds into double play, 4-6-3 (Groundball, 4)
Guillermo Gracía scores
Batting: LHB José Morales 0-0: Fly out, F7 (Flyball, 7S)
Top of the 3rd over - 1 run, 2 hits, 0 errors, 0 left on base; Penquannock 1 - Newark 0
BOTTOM OF THE 3RD
Newark Bulldogs batting - Pitching for Penquannock Overrated Jeter : LHP Brian Gunther
Batting: RHB Edgardo Hernández 0-0: Ball
1-0: Ball
2-0: Called Strike
2-1: Foul Ball, location: 2F
2-2: Foul Ball, location: 2F
2-2: Foul Ball, location: 2F
2-2: Foul Ball, location: 2F
2-2: Fly out, F2 (Popup, 3SF)
Batting: RHB José Casillán 0-0: Foul Ball, location: 2F
0-1: Ball
1-1: Ball
2-1: Foul Ball, location: 2F
2-2: Ball
3-2: Strikes out looking
Batting: RHB Ben Kearley 0-0: Called Strike
0-1: Foul Ball, location: 2F
0-2: Strikes out looking
Bottom of the 3rd over - 0 runs, 0 hits, 0 errors, 0 left on base; Penquannock 1 - Newark 0
TOP OF THE 4TH
Penquannock Overrated Jeter batting - Pitching for Newark Bulldogs : RHP Carl Rojas
Batting: LHB Eric Powell 0-0: Called Strike
0-1: SINGLE (Groundball, 34D)
Batting: LHB Pete Weber 0-0: Ball
1-0: Ball
2-0: Called Strike
2-1: Foul Ball, location: 2F
2-2: Ball
3-2: Grounds into double play, 5-4-3 (Groundball, 56)
Batting: LHB Matt Reese 0-0: Called Strike
0-1: Foul Ball, location: 2F
0-2: Ball
1-2: Fly out, F8 (Flyball, 8RXD)
Top of the 4th over - 0 runs, 1 hit, 0 errors, 0 left on base; Penquannock 1 - Newark 0
BOTTOM OF THE 4TH
Newark Bulldogs batting - Pitching for Penquannock Overrated Jeter : LHP Brian Gunther
Batting: RHB Francisco Domínguez 0-0: Ball
1-0: Foul Ball, location: 2F
1-1: Ball
2-1: Ball
3-1: DOUBLE (Flyball, 8LXD)
Batting: RHB Álex Hernández 0-0: Called Strike
0-1: Ground out 6-3 (Groundball, 6)
Francisco Domínguez to third
Batting: LHB Will O'Dell 0-0: Foul Ball, location: 2F
0-1: Ball
1-1: Ball
2-1: Ground out U3 (Groundball, 3)
Batting: RHB Toshiki Kokawa 0-0: Foul Ball, location: 2F
0-1: Ground out 4-3 (Groundball, 4D)
Bottom of the 4th over - 0 runs, 1 hit, 0 errors, 1 left on base; Penquannock 1 - Newark 0
TOP OF THE 5TH
Penquannock Overrated Jeter batting - Pitching for Newark Bulldogs : RHP Carl Rojas
Batting: RHB Kelsey Scott 0-0: Ball
1-0: Fly out, F9 (Flyball, 9)
Batting: RHB Theodore Burns 0-0: Ball
1-0: Foul Ball, location: 2F
1-1: Swinging Strike
1-2: TRIPLE (Flyball, 8LXD)
Batting: RHB Guillermo Gracía 0-0: Foul Ball, location: 2F
0-1: Ball
1-1: Foul Ball, location: 2F
1-2: Ball
2-2: Ball
3-2: DOUBLE (Flyball, 89D)
Theodore Burns scores
Batting: RHB Phil Wright 0-0: Foul Ball, location: 2F
0-1: Swinging Strike
0-2: Ball
1-2: Ball
2-2: Foul Ball, location: 2F
2-2: Foul Ball, location: 2F
2-2: SINGLE (Groundball, 34D)
Guillermo Gracía to third
Batting: LHB Francisco Medina 0-0: Ball
1-0: Called Strike
1-1: Ball
Wild Pitch!
Guillermo Gracía scores
Phil Wright to second
2-1: Swinging Strike
2-2: Strikes out swinging
Batting: LHB José Morales 0-0: Called Strike
0-1: 2-RUN HOME RUN (Line Drive, 9D), Distance : 371 ft
Batting: LHB Eric Powell 0-0: Called Strike
0-1: Ball
1-1: Foul Ball, location: 2F
1-2: TRIPLE (Line Drive, 78XD)
Batting: LHB Pete Weber 0-0: Ground out 6-3 (Groundball, 6)
Top of the 5th over - 4 runs, 5 hits, 0 errors, 1 left on base; Penquannock 5 - Newark 0
BOTTOM OF THE 5TH
Newark Bulldogs batting - Pitching for Penquannock Overrated Jeter : LHP Brian Gunther
Batting: RHB Noah Sturges 0-0: Ball
1-0: Ball
2-0: Ball
3-0: Base on Balls
Batting: SHB Juan Rodríguez 0-0: Ball
1-0: Foul Ball, location: 2F
1-1: Foul Ball, location: 2F
1-2: Foul Ball, location: 2F
1-2: Foul Ball, location: 2F
1-2: Foul Ball, location: 2F
1-2: Foul Ball, location: 2F
1-2: Ball
2-2: Foul Ball, location: 2F
2-2: Foul Ball, location: 2F
2-2: Grounds into double play, 5-4-3 (Groundball, 5)
Pitching: RHP César Villanueva
Batting: RHB Edgardo Hernández 0-0: Ball
1-0: Called Strike
1-1: SOLO HOME RUN (Flyball, 78XD), Distance : 386 ft
Batting: RHB José Casillán 0-0: Ball
1-0: Ball
2-0: Ball
3-0: Called Strike
3-1: Base on Balls
Batting: RHB Ben Kearley 0-0: Called Strike
0-1: Ball
1-1: Ball
2-1: Swinging Strike
2-2: Fly out, F9 (Flyball, 89D)
Bottom of the 5th over - 1 run, 1 hit, 0 errors, 1 left on base; Penquannock 5 - Newark 1
TOP OF THE 6TH
Penquannock Overrated Jeter batting - Pitching for Newark Bulldogs : RHP Carl Rojas
Batting: LHB Matt Reese 0-0: Ball
1-0: Ball
2-0: Ball
3-0: Called Strike
3-1: Base on Balls
Batting: RHB Kelsey Scott 0-0: Ball
1-0: Called Strike
1-1: Foul Ball, location: 2F
1-2: Strikes out swinging
Batting: RHB Theodore Burns 0-0: Called Strike
0-1: Ball
1-1: Called Strike
1-2: Foul Ball, location: 2F
1-2: Ball
2-2: Ball
3-2: Strikes out looking
Matt Reese steals 2nd base
Batter strikes out.
Batting: RHB Guillermo Gracía 0-0: Ball
1-0: Ball
2-0: Called Strike
2-1: Ground out 4-3 (Groundball, 4MS)
Top of the 6th over - 0 runs, 0 hits, 0 errors, 1 left on base; Penquannock 5 - Newark 1
BOTTOM OF THE 6TH
Newark Bulldogs batting - Pitching for Penquannock Overrated Jeter : RHP César Villanueva
Batting: RHB Francisco Domínguez 0-0: SOLO HOME RUN (Line Drive, 7LD), Distance : 337 ft
Batting: RHB Álex Hernández 0-0: Ball
1-0: Fly out, F9 (Flyball, 9)
Batting: LHB Will O'Dell 0-0: Called Strike
0-1: Ball
1-1: Foul Ball, location: 2F
1-2: SINGLE (Groundball, 3D)
Batting: RHB Toshiki Kokawa 0-0: Called Strike
0-1: Ball
1-1: Ball
2-1: SINGLE (Flyball, 8RS)
Will O'Dell to second
Batting: RHB Noah Sturges 0-0: Ball
1-0: Swinging Strike
1-1: Foul Ball, location: 2F
1-2: Foul Ball, location: 2F
1-2: Ball
2-2: Ball
3-2: Foul Ball, location: 2F
3-2: Base on Balls
Will O'Dell to third
Toshiki Kokawa to second
Batting: SHB Juan Rodríguez 0-0: Ball
1-0: Foul Ball, location: 2F
1-1: Ball
2-1: Foul Ball, location: 2F
2-2: Foul Ball, location: 2F
2-2: Foul Ball, location: 2F
2-2: Ball
3-2: Fly out, F7 (Flyball, 7LMF)
Runner from 3rd tags up, SCORES, no throw
Batting: RHB Edgardo Hernández 0-0: Ball
Wild Pitch!
Toshiki Kokawa to third
Noah Sturges to second
1-0: Swinging Strike
1-1: Ball
2-1: Ball
3-1: Foul Ball, location: 2F
3-2: Foul Ball, location: 2F
3-2: Foul Ball, location: 2F
3-2: Fly out, F7 (Flyball, 78D)
Bottom of the 6th over - 2 runs, 3 hits, 0 errors, 2 left on base; Penquannock 5 - Newark 3
TOP OF THE 7TH
Penquannock Overrated Jeter batting - Pitching for Newark Bulldogs : RHP Carl Rojas
Pitching: LHP Josh Wall
Batting: RHB Phil Wright 0-0: Called Strike
0-1: Ball
1-1: Ball
2-1: Foul Ball, location: 2F
2-2: Foul Ball, location: 2F
2-2: Fly out, F6 (Line Drive, 6)
Batting: LHB Francisco Medina 0-0: Ball
1-0: Swinging Strike
1-1: Swinging Strike
1-2: Foul Ball, location: 2F
1-2: Ball
2-2: Foul Ball, location: 2F
2-2: Fly out, F8 (Flyball, 8RD)
Batting: LHB José Morales 0-0: Ball
1-0: Swinging Strike
1-1: Called Strike
1-2: Ground out U3 (Groundball, 3D)
Top of the 7th over - 0 runs, 0 hits, 0 errors, 0 left on base; Penquannock 5 - Newark 3
BOTTOM OF THE 7TH
Newark Bulldogs batting - Pitching for Penquannock Overrated Jeter : RHP César Villanueva
Batting: RHB José Casillán 0-0: Called Strike
0-1: Fly out, F8 (Flyball, 8LD)
Batting: RHB Ben Kearley 0-0: Called Strike
0-1: Foul Ball, location: 2F
0-2: Ball
1-2: Ball
2-2: Ball
3-2: Strikes out looking
Batting: RHB Francisco Domínguez 0-0: Ball
1-0: Foul Ball, location: 2F
1-1: Swinging Strike
1-2: Ball
2-2: Foul Ball, location: 2F
2-2: SINGLE (Groundball, 56D)
Pitching: RHP Dave Funk
Batting: RHB Álex Hernández 0-0: Ball
1-0: Ball
2-0: Called Strike
2-1: Foul Ball, location: 2F
2-2: Ball
3-2: Foul Ball, location: 2F
3-2: Foul Ball, location: 2F
3-2: Fly out, F4 (Flyball, 4MD)
Bottom of the 7th over - 0 runs, 1 hit, 0 errors, 1 left on base; Penquannock 5 - Newark 3
TOP OF THE 8TH
Penquannock Overrated Jeter batting - Pitching for Newark Bulldogs : LHP Josh Wall
Batting: LHB Eric Powell 0-0: Ball
1-0: Called Strike
1-1: Ball
2-1: Foul Ball, location: 2F
2-2: Foul Ball, location: 2F
2-2: Strikes out looking
Batting: LHB Pete Weber 0-0: Called Strike
0-1: Foul Ball, location: 2F
0-2: Fly out, F6 (Line Drive, 56D)
Batting: LHB Matt Reese 0-0: Called Strike
0-1: Ball
1-1: Swinging Strike
1-2: Ball
2-2: Ball
3-2: Base on Balls
Pitching: RHP Gerald Dunham
Batting: RHB Kelsey Scott 0-0: Ball
1-0: Ball
2-0: Foul Ball, location: 2F
2-1: Foul Ball, location: 2F
2-2: Foul Ball, location: 2F
2-2: Strikes out looking
Top of the 8th over - 0 runs, 0 hits, 0 errors, 1 left on base; Penquannock 5 - Newark 3
BOTTOM OF THE 8TH
Newark Bulldogs batting - Pitching for Penquannock Overrated Jeter : RHP Dave Funk
Batting: LHB Will O'Dell 0-0: Called Strike
0-1: Ball
1-1: Foul Ball, location: 2F
1-2: Foul Ball, location: 2F
1-2: Foul Ball, location: 2F
1-2: Ball
2-2: Ball
3-2: Ground out U3 (Groundball, 3L)
Batting: RHB Toshiki Kokawa 0-0: Called Strike
0-1: SOLO HOME RUN (Flyball, 78XD), Distance : 375 ft
Batting: RHB Noah Sturges 0-0: Foul Ball, location: 2F
0-1: Swinging Strike
0-2: Ball
1-2: Strikes out swinging
Batting: SHB Juan Rodríguez 0-0: Ball
1-0: Called Strike
1-1: Ball
2-1: Ball
3-1: Base on Balls
Pitching: RHP Leonard Christensen
Pinch Hitting: LHB Carl Hayden 0-0: Ball
1-0: Called Strike
1-1: Ball
2-1: Ball
3-1: Ground out 2-3 (Groundball, 15S)
Bottom of the 8th over - 1 run, 1 hit, 0 errors, 1 left on base; Penquannock 5 - Newark 4
TOP OF THE 9TH
Penquannock Overrated Jeter batting - Pitching for Newark Bulldogs : RHP Gerald Dunham
Now in CF: Ángel Tuzzi
Batting: RHB Theodore Burns 0-0: Ball
1-0: Called Strike
1-1: Foul Ball, location: 2F
1-2: Foul Ball, location: 2F
1-2: Ball
2-2: Strikes out looking
Batting: RHB Guillermo Gracía 0-0: Ball
1-0: Foul Ball, location: 2F
1-1: Swinging Strike
1-2: Ball
2-2: Foul Ball, location: 2F
2-2: Foul Ball, location: 2F
2-2: Ball
3-2: Base on Balls
Batting: RHB Phil Wright 0-0: Ball
1-0: Called Strike
1-1: SINGLE (Groundball, 4S) (infield hit)
Guillermo Gracía to second
Pitching: RHP Roberto Cordero
Batting: LHB Francisco Medina 0-0: Ball
1-0: Ball
2-0: Called Strike
2-1: SINGLE (Line Drive, 34D)
Guillermo Gracía to third
Phil Wright to second
Runner from 3rd tries for Home, SAFE, no throw
Batting: LHB José Morales 0-0: Called Strike
0-1: Foul Ball, location: 2F
0-2: Fly out, F2 (Popup, 5SF)
Batting: LHB Eric Powell 0-0: Ball
1-0: Called Strike
1-1: Ball
2-1: Foul Ball, location: 2F
2-2: Foul Ball, location: 2F
2-2: Ground out 3-1 (Groundball, 34S)
Top of the 9th over - 1 run, 2 hits, 0 errors, 2 left on base; Penquannock 6 - Newark 4
BOTTOM OF THE 9TH
Newark Bulldogs batting - Pitching for Penquannock Overrated Jeter : RHP Leonard Christensen
Batting: RHB José Casillán 0-0: Ball
1-0: Foul Ball, location: 2F
1-1: Ball
2-1: Ball
3-1: Foul Ball, location: 2F
3-2: SINGLE (Line Drive, 8LS)
Batting: RHB Ben Kearley 0-0: Foul Ball, location: 2F
0-1: Foul Ball, location: 2F
0-2: Ball
1-2: Strikes out swinging
Batting: RHB Francisco Domínguez 0-0: Ball
1-0: Foul Ball, location: 2F
1-1: Ball
2-1: Called Strike
2-2: Ball
3-2: Base on Balls
José Casillán to second
Batting: RHB Álex Hernández 0-0: Ball
1-0: Grounds into double play, 5-4-3 (Groundball, 5)
Bottom of the 9th over - 0 runs, 1 hit, 0 errors, 1 left on base; Penquannock 6 - Newark 4
Saturday, April 7th, 2018 - OOTP Baseball 18.8 Build 76